 Dungeon Crawl Stone Soup version 0.28.0 (webtiles) character file.

Game seed: 12759969087667338151

874 Hasart the Conjurer (level 7, -5/50 HPs)
             Began as a Demigod Conjurer on Feb 17, 2022.
             Engulfed by a steam dragon's steam (15 damage)
             ... on level 6 of the Dungeon.
             The game lasted 00:08:52 (6640 turns).

Hasart the Conjurer (Demigod Conjurer)              Turns: 6640, Time: 00:08:53

Health: -5/50      AC:  4    Str:  8    XL:     7   Next: 45%
Magic:  9/16       EV: 27    Int: 28    God:
Gold:   139        SH:  0    Dex: 12    Spells: 3/14 levels left

rFire   . . .      SeeInvis .   m - +2 flail (protect)
rCold   . . .      Faith    .   (no shield)
rNeg    . . .      Spirit   .   a - +0 robe
rPois   .          Reflect  .   e - +0 helmet
rElec   .          Harm     .   q - +0 cloak
rCorr   .          Rampage  .   (no gloves)
Will    .....                   (no boots)
Stlth   ++........              B - amulet of the acrobat
HPRegen 0.16/turn               (no ring)
MPRegen 0.15/turn               (no ring)

@: acrobatic
A: high MP 1, forlorn, divine attributes
a: no special abilities


You were on level 6 of the Dungeon.
You visited 1 branch of the dungeon, and saw 6 of its levels.

You collected 307 gold pieces.
You spent 168 gold pieces at shops.

Inventory:

Hand Weapons
 m - a +2 flail of protection (weapon)
Missiles
 y - a throwing net
Armour
 a - a +0 robe (worn)
 e - a +0 helmet (worn)
 q - a +0 cloak (worn)
Magical Staves
 x - a staff of fire
Jewellery
 p - a ring of fire
 B - an amulet of the acrobat (around neck)
Wands
 t - a wand of flame (41)
Scrolls
 c - 2 scrolls of teleportation {unknown}
 f - 3 scrolls of identify {unknown}
 g - 2 scrolls of magic mapping
 h - a scroll of holy word {unknown}
 j - 3 scrolls of noise {unknown}
 l - 2 scrolls of silence {unknown}
 s - a scroll of blinking
 u - 2 scrolls of immolation {unknown}
 z - 2 scrolls of amnesia {unknown}
Potions
 b - a potion of invisibility {unknown}
 d - 3 potions of degeneration {unknown}
 i - a potion of flight {unknown}
 k - a potion of haste
 n - a potion of mutation {unknown}
 o - 2 potions of experience {unknown}
 r - a potion of curing
 v - a potion of resistance {unknown}
 w - 2 potions of brilliance {unknown}
 A - a potion of magic {unknown}


   Skills:
 - Level 1.4 Maces & Flails
 - Level 1.7 Dodging
 - Level 1.7 Stealth
 + Level 4.0 Spellcasting
 * Level 6.8 Conjurations
 + Level 2.1 Hexes
 + Level 2.1 Translocations


You had 3 spell levels left.
You knew the following spells:

 Your Spells              Type           Power      Damage    Failure   Level
a - Searing Ray           Conj           88%        2d7       1%          2
b - Magic Dart            Conj           100%       1d8       1%          1
c - Fulminant Prism       Conj/Hex       15%        3d11      12%         4
d - Iskenderun's Mystic   Conj/Tloc      30%        2d8       12%         4

Your spell library contained the following spells:

 Spells                   Type           Power      Damage    Failure   Level
 Dazzling Flash           Conj/Hex       60%        N/A       3%          3


Dungeon Overview and Level Annotations

Branches:
Dungeon (6/15)             Temple (0/1) D:5

Shops:
D:2 *   D:4 *

Annotations:
D:5 1 runed translucent door, Crazy Yiuf


Innate Abilities, Weirdness & Mutations

You have an increased reservoir of magic. (+10% MP)
You shall have no god before yourself.
Your divine heritage dramatically boosts your attributes as you level up.


Message History

A steam dragon comes into view.
A steam dragon is nearby!
A steam dragon is nearby!
A steam dragon is nearby!
The steam dragon hisses angrily.
Casting: Searing Ray (safe; 1% risk of failure)
Confirm with . or Enter, or press ? or * to list all spells.
Aiming: Searing Ray (safe; 1% risk of failure)
Press: ? - help, Shift-Dir - straight line, f - steam dragon
Aim: a steam dragon (82% to hit)
The searing ray hits the steam dragon!
The steam dragon is moderately wounded. (Press . to maintain the ray.)
The steam dragon breathes steam at you. The ball of steam hits you!
The searing ray hits the steam dragon.
The steam dragon is moderately wounded.
You are engulfed in a cloud of scalding steam.
Unknown command.
The searing ray hits the steam dragon.
The steam dragon is heavily wounded.
The steam dragon breathes steam at you. The ball of steam hits you!
Unknown command.
The searing ray hits the steam dragon!
The steam dragon is almost dead.
You finish channelling your searing ray.
You are engulfed in a cloud of scalding steam.
* * * LOW HITPOINT WARNING * * *
Unknown command.
Casting: Searing Ray (safe; 1% risk of failure)
Confirm with . or Enter, or press ? or * to list all spells.
Aiming: Searing Ray (safe; 1% risk of failure)
Press: ? - help, Shift-Dir - straight line, f/p - steam dragon
Aim: a steam dragon (steam, almost dead, 82% to hit)
The searing ray hits the steam dragon.
The steam dragon is almost dead. (Press . to maintain the ray.)
You are engulfed in a cloud of scalding steam.
You die...

...#######.####...#.#
.. ...........#...#.#
. ######..##.......#
#######
##..........##
#.....#
####........###.....#
#.....[....#.>...#
##...............#
##§.D...##.......#
#..§@§...##[.....#
#§..§§.§....(....#
#.<.§§§.##.......#
##...§.###..######
##...## ##.### #####
#...# #...# ##..#
#..#


You could see a steam dragon.

Vanquished Creatures
  An ogre (D:5)
  4 lemures
  A gnoll sergeant (D:5)
  A scorpion (D:5)
  A water moccasin skeleton (D:5)
  A howler monkey (D:6)
  A bullfrog zombie (D:5)
  2 hounds
  A gnoll shaman (D:4)
  3 iguanas
  Natasha (thrice) (D:4)
  3 hound skeletons (D:5)
  8 adders
  10 gnolls
  An ufetubus (D:5)
  An adder skeleton (D:3)
  A worm (D:2)
  2 dart slugs (D:3)
  9 orcs (D:3)
  4 endoplasms
  4 giant cockroaches
  6 goblins
  4 hobgoblins
  3 jackals (D:3)
  5 quokkas
  11 ball pythons
  4 bats
  2 frilled lizards
  3 kobolds
  5 rats
105 creatures vanquished.

Vanquished Creatures (others)
  3 fulminant prisms (D:5)
  21 plants
  4 toadstools (D:1)
28 creatures vanquished.

Grand Total: 133 creatures vanquished

Notes
Turn   | Place    | Note
-------+----------+-------------------------------------------
     0 | D:1      | Hasart the Demigod Conjurer began the quest for the Orb.
     0 | D:1      | Reached XP level 1. HP: 14/14 MP: 5/5
   770 | D:1      | Reached XP level 2. HP: 20/20 MP: 4/7
   819 | D:1      | Reached skill level 4 in Conjurations
   822 | D:1      | Learned a level 2 spell: Searing Ray
  1555 | D:2      | Reached XP level 3. HP: 26/26 MP: 1/8
  1863 | D:2      | Found Yfemoism's General Store.
  1871 | D:2      | Bought a scroll of magic mapping for 42 gold pieces
  2400 | D:3      | Reached XP level 4. HP: 12/33 MP: 2/10
  2477 | D:3      | Reached skill level 5 in Conjurations
  3354 | D:4      | Learned a level 4 spell: Fulminant Prism
  3499 | D:4      | Noticed a lemure
  3516 | D:4      | Reached XP level 5. HP: 33/38 MP: 3/12
  4069 | D:4      | Found Ryheb's General Store.
  4072 | D:4      | Bought a potion of curing for 36 gold pieces
  4072 | D:4      | Bought a scroll of blinking for 90 gold pieces
  4357 | D:4      | Noticed Natasha
  4362 | D:4      | Killed Natasha
  4363 | D:4      | Reached skill level 1 in Maces & Flails
  4369 | D:4      | Noticed Natasha
  4376 | D:4      | Killed Natasha
  4557 | D:4      | Noticed Natasha
  4562 | D:4      | Killed Natasha
  4563 | D:4      | Reached XP level 6. HP: 40/45 MP: 5/14
  4571 | D:4      | Learned a level 4 spell: Iskenderun's Mystic Blast
  4956 | D:5      | Entered Level 5 of the Dungeon
  5014 | D:5      | Noticed a +0 short sword
  5014 | D:5      | Noticed a +0 spear
  5014 | D:5      | Noticed a +0 spear
  5015 | D:5      | Noticed a +0 dagger
  5015 | D:5      | Noticed a +0 dagger
  5015 | D:5      | Noticed a +0 falchion
  5015 | D:5      | Noticed a +0 short sword
  5016 | D:5      | Noticed a +0 falchion
  5038 | D:5      | Reached skill level 6 in Conjurations
  5139 | D:5      | Reached skill level 1 in Hexes
  5139 | D:5      | Reached skill level 1 in Translocations
  5288 | D:5      | Found a staircase to the Ecumenical Temple.
  5477 | D:5      | Reached XP level 7. HP: 43/50 MP: 9/15
  5713 | D:5      | Found a runed translucent door.
  5714 | D:5      | Noticed Crazy Yiuf
  6633 | D:6      | Noticed a steam dragon
  6640 | D:6      | Engulfed by a steam dragon's steam

Illustrated notes

Levels and vault maps discovered:
D:1:      sevenhm_arrival_forest_fort_large_2, layout_basic,
          minmay_gold_behind_fungi
D:2:      layout_rooms, serial_curves, eino_curves_02, eino_curves_02,
          serial_shops, nicolae_shop_waterfront,
          shapermc_ecumenical_altar_mp_vishouse, basic_altar
D:3:      layout_loops_cross, serial_bayou_ford_a
D:4:      layout_loops_corners, serial_shops, nicolae_shop_behind_doors,
          nicolae_grassy_gnolls, uniq_natasha, uniq_pikel
D:5:      layout_loops_ring, nicolae_uskayaw_en_pointe, temple_pool_b,
          serial_rivers, chequers_serial_rivers_room_a,
          chequers_serial_rivers_room_b, chequers_serial_rivers_micro_a,
          chequers_serial_rivers_micro_c, uniq_crazy_yiuf_cottage
D:6:      layout_rooms, nicolae_overflow_quartered_altars, serial_shops,
          nicolae_shop_hallway_stairs, uniq_duvessa

Skill      XL: |  1  2  3  4  5  6  7 |
---------------+----------------------+-----
Spellcasting   | 2 3 4 |  4.0
Conjurations   | 4 5 6 |  6.8
Maces & Flails | 1 |  1.4
Hexes          | 1 2 |  2.1
Translocations | 1 2 |  2.1
Dodging        | |  1.7
Stealth        | |  1.7

Action                   |  1- 3 |  4- 6 |  7- 9 || total
-------------------------+-------+-------+-------++-------
Melee: Short sword       |    22 |       |       ||    22
       Flail             |       |    33 |       ||    33
 Cast: Magic Dart        |    18 |       |       ||    18
       Searing Ray       |    23 |    41 |    16 ||    80
       Fulminant Prism   |       |     3 |       ||     3
 Stab: Sleeping          |       |     4 |       ||     4
Armor: Robe              |     4 |    19 |     2 ||    25
Dodge: Dodged            |    30 |    65 |    10 ||   105
